 Dungeon Crawl Stone Soup version 0.29.1-15-g9cfb28693d (webtiles) character file.

Game seed: 6952844856818175183

77 protoss039 the Sneak (level 4, 0/25 HPs)
             Began as a Tengu Enchanter on Mar 25, 2023.
             Slain by a kobold brigand
             ... wielding a +0 dagger
              (6 damage)
             ... in a sewer.
             The game lasted 00:02:59 (2845 turns).

protoss039 the Sneak (Tengu Enchanter)              Turns: 2845, Time: 00:03:00

Health: 0/25       AC:  3    Str:  8    XL:     4   Next: 34%
Magic:  2/8        EV: 13    Int: 15    God:
Gold:   77         SH:  0    Dex: 17    Spells: 2/7 levels left

rFire   . . .      SeeInvis .   a - +1 dagger
rCold   . . .      Faith    .   (no shield)
rNeg    . . .      Spirit   .   b - +0 robe
rPois   .          Reflect  .   (helmet restricted)
rElec   .          Harm     .   l - +0 cloak
rCorr   .          Rampage  .   (no gloves)
Will    .....                   (boots unavailable)
Stlth   +++.......              (no amulet)
HPRegen 0.08/turn               (no ring)
MPRegen 0.11/turn               (no ring)

@: lethally poisoned (0 -> -1), very slightly contaminated, studying
Transmutations
A: beak, talons 3
a: no special abilities


You were in a sewer.
You visited 1 branch of the dungeon, and saw 3 of its levels.
You also visited: Sewer.

You collected 77 gold pieces.

Inventory:

Hand Weapons
 a - a +1 dagger (weapon)
Missiles
 f - 6 poisoned darts (quivered)
Armour
 b - a +0 robe (worn)
 l - a +0 cloak (worn)
Wands
 n - a wand of flame (13)
Scrolls
 d - a scroll of immolation {unknown}
 e - a scroll of vulnerability {unknown}
 g - 2 scrolls of butterflies {unknown}
 h - a scroll of identify {unknown}
 j - 2 scrolls of teleportation {unknown}
 k - a scroll of noise {unknown}
 o - a scroll of summoning {unknown}
 p - a scroll of enchant weapon {unknown}
 q - a scroll of enchant armour {unknown}
Potions
 c - 2 potions of invisibility
 i - a potion of attraction {unknown}
 m - a potion of degeneration {unknown}
 r - a potion of flight {unknown}
 s - a potion of magic {unknown}


   Skills:
 * Level 1.5 Fighting
 + Level 1.8 Short Blades
 * Level 3.0 Dodging
 * Level 3.5 Stealth
 + Level 2.3 Spellcasting
 + Level 2.4 Hexes


You had 2 spell levels left.
You knew the following spells:

 Your Spells              Type           Power      Damage    Failure   Level
a - Ensorcelled Hibernat  Hex/Ice        10%        N/A       21%         2
b - Confusing Touch       Hex            8%         N/A       24%         3

Your spell library contained the following spells:

 Spells                   Type           Power      Damage    Failure   Level
 Magic Dart               Conj           4%         1d3       22%         1
 Call Imp                 Summ           1%         N/A       32%         2
 Tukima's Dance           Hex            8%         N/A       24%         3
 Dazzling Flash           Conj/Hex       10%        N/A       36%         3
 Mephitic Cloud           Conj/Pois/Air  1%         N/A       54%         3


Dungeon Overview and Level Annotations

Branches:
Dungeon (3/15) Zot: 15369   Sewer (1/1) Zot: 5776

Altars:


Innate Abilities, Weirdness & Mutations

You have a beak for a mouth.
You have claws for feet.


Message History

Confirm with . or Enter, or press ? or * to list all spells.
Aiming: Ensorcelled Hibernation (safe; 21% risk of failure)
Press: ? - help, Shift-Dir - straight line, f/p - kobold brigand
Aim: a kobold brigand, wielding a +0 dagger and quivering poisoned darts (chance to affect: 38%)
You miscast Ensorcelled Hibernation.
Nothing appears to happen.
You feel sick.
The kobold brigand hits you with a +0 dagger.
Unknown command.
Unknown command.
Casting: Ensorcelled Hibernation (safe; 21% risk of failure)
Confirm with . or Enter, or press ? or * to list all spells.
Aiming: Ensorcelled Hibernation (safe; 21% risk of failure)
Press: ? - help, Shift-Dir - straight line, f/p - kobold brigand
Aim: a kobold brigand, wielding a +0 dagger and quivering poisoned darts (chance to affect: 38%)
The kobold brigand looks drowsy...
You feel sick.
Unknown command.
Unknown command.
The helpless kobold brigand fails to defend itself.
You impale the kobold brigand!!
You claw the kobold brigand, but do no damage.
The kobold brigand is almost dead.
You feel sick.
The kobold brigand completely misses you.
Unknown command.
You hit the kobold brigand but do no damage.
Your peck misses the kobold brigand.
The kobold brigand is almost dead.
You feel sick.
Unknown command.
You barely miss the kobold brigand. You peck the kobold brigand.
The kobold brigand is almost dead.
You feel sick.
The kobold brigand hits you with a +0 dagger.
* * * LOW HITPOINT WARNING * * *
Unknown command.
You hit the kobold brigand but do no damage.
You claw the kobold brigand.
The kobold brigand is almost dead.
You feel sick.
The kobold brigand hits you with a +0 dagger.
You die...

###~.~~.#
##..~...##
##..~~~.##
#~~~.~~~..#
..~#~#.~.~##
.. #~#~~~~.#
. # #~~..P#
#....P#
#...@##
#######~K#
~~~~K~~~##
#######.#
#.. ####


You could see a kobold brigand.

Vanquished Creatures
  An adder (D:3)
  A river rat (Sewer)
  A worm (D:2)
  2 dart slugs
  5 orcs (D:3)
  An endoplasm (D:1)
  2 giant cockroaches (D:1)
  3 goblins
  6 hobgoblins
  13 kobolds
  2 ball pythons
  6 bats
  A frilled lizard (D:3)
  4 rats
48 creatures vanquished.

Vanquished Creatures (others)
  8 plants (Sewer)
8 creatures vanquished.

Grand Total: 56 creatures vanquished

Notes
Turn   | Place    | Note
-------+----------+-------------------------------------------
     0 | D:1      | protoss039 the Tengu Enchanter began the quest for the Orb.
     0 | D:1      | Reached XP level 1. HP: 10/10 MP: 4/4
   296 | D:1      | Reached XP level 2. HP: 16/16 MP: 6/6
   299 | D:1      | Learned a level 2 spell: Ensorcelled Hibernation
   931 | D:1      | Reached skill level 1 in Fighting
   999 | D:1      | Reached XP level 3. HP: 20/20 MP: 7/7
  1414 | D:2      | Found a faded altar of an unknown god.
  2114 | D:2      | Learned a level 3 spell: Confusing Touch
  2573 | D:3      | Reached XP level 4. HP: 25/25 MP: 8/8
  2586 | D:3      | Found a glowing drain.
  2632 | Sewer    | Entered a sewer
  2830 | Sewer    | Noticed a kobold brigand
  2845 | Sewer    | Slain by a kobold brigand

Illustrated notes

Levels and vault maps discovered:
D:1:      saegor_arrival_simple_c, layout_loops_corners, minmay_tripent
D:2:      layout_loops_ring, shapermc_ecumenical_altar_mp_highgroup
D:3:      layout_loops_corners, okawaru_altar_gauntlet_db,
          mainiacjoe_overflow_alcove_1, mainiacjoe_overflow_surrounded_room,
          serial_shops, shop, portal_sewer_entry_d, minmay_misc_feat_nine_boxes
Sewer:    sewer_co_scattered_pipes

Skill      XL: |  1  2  3  4 |
---------------+-------------+-----
Fighting       | 1 |  1.5
Dodging        | 3 |  3.0
Short Blades   | |  1.8
Stealth        | |  3.5
Spellcasting   | |  2.3
Hexes          | |  2.4

Action                   |  1- 3 |  4- 6 || total
-------------------------+-------+-------++-------
Melee: Dagger            |    82 |    21 ||   103
       Kick              |    17 |     8 ||    25
       Peck              |    11 |     6 ||    17
       Punch             |     3 |       ||     3
 Cast: Ensorcelled Hiber |     1 |     3 ||     4
 Stab: Sleeping          |    16 |     2 ||    18
Armor: Robe              |    14 |     3 ||    17
Dodge: Dodged            |    26 |     7 ||    33
